 Dungeon Crawl Stone Soup version 0.26-a0-1205-g4083c211ab (webtiles) character file.

Game seed: 3824866229654417783

29 Azzok the Skirmisher (level 3, 29/29 HPs)
             Began as a Demonspawn Berserker on Dec 29, 2020.
             Was a Follower of Trog.
             Quit the game on level 2 of the Dungeon.
             The game lasted 00:00:55 (1216 turns).

Azzok the Skirmisher (Demonspawn Berserker)         Turns: 1216, Time: 00:00:56

Health: 29/29      AC:  7    Str: 18    XL:     3   Next: 1%
Magic:  3/3        EV: 12    Int:  8    God:    Trog [*.....]
Gold:   93         SH:  0    Dex: 12    Spells: 2/2 levels left

rFire    . . .     SeeInvis .   a - +0 hand axe
rCold    . . .     Faith    .   (no shield)
rNeg     . . .     Spirit   .   j - +0 leather armour
rPois    .         Reflect  .   (no helmet)
rElec    .         Harm     .   (no cloak)
rCorr    .         Rampage  .   (no gloves)
Will     .....                  (no boots)
Stlth    +.........             (no amulet)
HPRegen  0.09/turn              g - +4 ring of protection
MPRegen  0.08/turn              (no ring)

@: no status effects
A: talons 1, spiny 1
a: Renounce Religion, Berserk


You were on level 2 of the Dungeon.
You worshipped Trog.
Trog was aware of your devotion.
You visited 1 branch of the dungeon, and saw 2 of its levels.

You collected 93 gold pieces.

Inventory:

Hand Weapons
 a - a +0 hand axe (weapon)
Armour
 j - a +0 leather armour (worn)
Jewellery
 g - a +4 ring of protection (left hand)
Scrolls
 c - a scroll of random uselessness {unknown}
 d - 2 scrolls of remove curse {unknown}
 e - 3 scrolls of identify {unknown}
 f - a scroll of teleportation {unknown}
 h - a scroll of enchant weapon {unknown}
Potions
 i - a potion of magic {unknown}


   Skills:
 + Level 3.3 Fighting
 + Level 3.0 Axes
 + Level 2.2 Armour
 + Level 2.2 Dodging


You had 2 spell levels left.
You didn't know any spells.
Your spell library was empty.

Dungeon Overview and Level Annotations

Branches:
Dungeon (2/15)

Altars:


Innate Abilities, Weirdness & Mutations

You have sharp toenails.
You are partially covered in sharp spines.


Message History

There is a stone staircase leading down here.
You climb downwards.
A ball python comes into view.
The ball python hisses angrily.
You hear a shout!
Found 23 sling bullets.
There is a stone staircase leading up here.
A ball python is nearby!
You see here 23 sling bullets.
A hobgoblin comes into view. It is wielding a +0 club.
The ball python bites you but does no damage.
The ball python closely misses you.
You slash the ball python!
You kill the ball python!
Trog accepts your kill.
You have reached level 3!
Your experience leads to an increase in your attributes!
Increase (S)trength, (I)ntelligence, or (D)exterity?
You feel stronger.
Your demonic ancestry asserts itself...
Sharp spines emerge from parts of your body.
Are you sure you want to abandon this character and quit the game? (Confirm with "yes".)

▒·▒ ▒ ▒·▒ ▒ ▒· ▒·▒
·▒ ▒·▒▒·▒▒· ······
▒···
▒·▒··▒▒▒▒▒▒▒···
▒··†@·(<······▒
·····▒·▒▒▒▒▒▒▒▒▒▒▒
▒▒▒ ▒· ▒· ·· ··
··· ···


There were no monsters in sight!

Vanquished Creatures
  A dart slug (D:1)
  A leopard gecko (D:1)
  A ball python (D:2)
  3 goblins (D:1)
  6 hobgoblins (D:1)
  4 bats (D:1)
  3 frilled lizards (D:1)
  2 kobolds (D:1)
  4 rats (D:1)
25 creatures vanquished.

Notes
Turn   | Place    | Note
-------+----------+-------------------------------------------
     0 | D:1      | Azzok the Demonspawn Berserker began the quest for the Orb.
     0 | D:1      | Reached XP level 1. HP: 18/18 MP: 1/1
   386 | D:1      | Gained mutation: You have sharp toenails. [demonic
                  | ancestry]
   386 | D:1      | Reached XP level 2. HP: 24/24 MP: 2/2
  1216 | D:2      | Gained mutation: You are partially covered in sharp spines.
                  | [demonic ancestry]
  1216 | D:2      | Reached XP level 3. HP: 29/29 MP: 3/3
  1216 | D:2      | Quit the game

Illustrated notes

Levels and vault maps discovered:
D:1:      psy_arrival_dodecagon, layout_basic
D:2:      layout_loops_ring, dancing_weapons_uskayaw, zin_treasury,
          nicolae_overflow_crystal_walls, fiery_altar_vehumet, minitemple,
          uniq_robin

Skill      XL: |  1  2 |
---------------+-------+-----
Armour         | 2 |  2.2
Dodging        | 2 |  2.2
Axes           | 3 |  3.0
Fighting       | |  3.3

Action                   || total
-------------------------++-------
Melee: Hand axe          ||    73
       Kick              ||    10
Armor: Animal skin       ||    17
       Leather armour    ||     1
Dodge: Dodged            ||    62

Table legend: (Time is in decaauts)
 A = Elapsed time spent in this place.
 B = Non-inter-level travel time spent in this place.
 C = Inter-level travel time spent in this place.
 D = Time resting spent in this place.
 E = Time spent auto-exploring this place.
 F = Levels seen in this place.
 G = Mean time per level.
                   A        B        C        D        E       F      G
               +--------+--------+--------+--------+--------+-----+--------+
         Total |   1225 |   1199 |     26 |     17 |    994 |   2 |  612.5 |
       Dungeon |   1225 |   1199 |     26 |     17 |    994 |   2 |  612.5 |
               +--------+--------+--------+--------+--------+-----+--------+

Top non-repeatable levels by time:
     D:1: 1221 daAuts
     D:2: 4 daAuts
